 Dungeon Crawl Stone Soup version 0.31-a0-174-g85c54bcb58 (webtiles) character file.

Game seed: 8138115738578832950

326 qw the Shooter (level 6, -13/38 HPs)
             Began as a Gargoyle Hunter on June 15, 2023.
             Mangled by an ogre
             ... wielding a +0 giant club
              (28 damage)
             ... on level 4 of the Dungeon.
             The game lasted 00:01:20 (3085 turns).

qw the Shooter (Gargoyle Hunter)                    Turns: 3085, Time: 00:01:21

Health: -13/38     AC: 15    Str: 15    XL:     6   Next: 49%
Magic:  6/6        EV: 11    Int:  9    God:
Gold:   143        SH:  0    Dex: 15    Spells: 5/5 levels left

rFire   . . .        Y - +1 shortbow
rCold   + . .        (shield currently unavailable)
rNeg    + + .        i - +0 ring mail
rPois   inf          a - +2 helmet of the Catfish {rC+ rN+}
rElec   +            k - +0 cloak
rCorr   .            b - +0 pair of gloves
SInv    .            (no boots)
Will    .....        (no amulet)
Stlth   +            (no ring)
HPRegen 0.26/turn    (no ring)
MPRegen 0.10/turn

%: no passive effects
@: no status effects
A: sickness immunity, AC +4, negative energy resistance 1, electricity
resistance, torment resistance 1, petrification resistance
a: no special abilities


You were on level 4 of the Dungeon.
You visited 1 branch of the dungeon, and saw 4 of its levels.

You collected 213 gold pieces.
You spent 70 gold pieces at shops.


Innate Abilities, Weirdness & Mutations

You are immune to sickness and miasma.
Your stone body is resilient. (AC +4)
You are immune to poison.
You resist negative energy. (rN+)
You are resistant to electric shocks. (rElec)
You are resistant to unholy torment.
You are immune to petrification.


   Skills:
 - Level 4.0 Fighting
 + Level 6.0 Ranged Weapons
 - Level 3.2 Armour
 - Level 1.5 Dodging
 - Level 1.1 Stealth


You had 5 spell levels left.
You didn't know any spells.
Your spell library was empty.

Inventory:

Hand Weapons
 Y - a +1 shortbow (weapon)
Armour
 a - the +2 helmet of the Catfish (worn) {rC+ rN+}
   (You acquired it on level 1 of the Dungeon)

   rC:        It protects you from cold.
   rN:        It protects you from negative energy.
 b - a +0 pair of gloves (worn)
 i - a +0 ring mail (worn)
 k - a +0 cloak (worn)
Scrolls
 j - a scroll of identify
Potions
 c - a potion of might
 d - 3 potions of heal wounds
 e - a potion of ambrosia {unknown}
 g - a potion of curing
 h - a potion of invisibility {unknown}
 l - a potion of lignification {unknown}

Dungeon Overview and Level Annotations

Branches:
Dungeon (4/15)             Temple (0/1) D:4

Altars:

Shops:
D:2 !


Message History

A hobgoblin comes into view.
Found 13 gold pieces.
The hobgoblin shouts!
You hear a shout!
You shoot an arrow. The arrow barely misses the hobgoblin.
You shoot an arrow. The arrow hits the hobgoblin!
You kill the hobgoblin!
Found a staircase to the Ecumenical Temple.
3073 ||| PLANNING TEMPLE
(D) Dungeon (T) Temple
Where to? (* - list waypoints, Enter - D:4, ? - help)
An ogre comes into view. It is wielding a +0 giant club.
The ogre shouts!
You shoot an arrow. The arrow barely misses the ogre.
You shoot an arrow. The arrow hits the ogre.
The ogre is lightly wounded.
You shoot an arrow. The arrow barely misses the ogre.
The ogre closely misses you.
You shoot an arrow. The arrow hits the ogre.
The ogre is moderately wounded.
You shoot an arrow. The arrow hits the ogre.
The ogre is moderately wounded.
The ogre hits you with a +0 giant club.
You shoot an arrow. The arrow barely misses the ogre.
The ogre closely misses you.
You shoot an arrow. The arrow hits the ogre.
The ogre is heavily wounded.
The ogre hits you with a +0 giant club!
You shoot an arrow. The arrow hits the ogre.
The ogre is severely wounded.
The ogre hits you with a +0 giant club!
You shoot an arrow.
The arrow hits the ogre but does no damage.
The ogre is severely wounded.
You shoot an arrow. The arrow hits the ogre!
The ogre is almost dead.
The ogre closely misses you.
You shoot an arrow. The arrow barely misses the ogre.
The ogre hits you with a +0 giant club!!
Ouch! That really hurt!
You die...

#...<#.#
#..###.#
#......##+#####
##.##.........#
...............#
###.##.........#
# #........)#
#.........#
#.O@......#
#.......$.#
...%........#
........#######
..$.P.P.#
##...>..#
#..P.P.#
#+.....#


You could see an ogre.

Vanquished Creatures
  A kobold brigand (D:3)
  An orc wizard (D:3)
  7 gnolls (D:3)
  4 adders (D:2)
  2 worms
  4 dart slugs
  3 orcs (D:3)
  5 endoplasms
  A giant cockroach (D:3)
  4 goblins
  13 hobgoblins
  18 jackals
  A quokka (D:2)
  3 ball pythons
  2 bats
  4 frilled lizards
  31 kobolds
  3 rats
107 creatures vanquished.

Notes
Turn   | Place    | Note
-------+----------+-------------------------------------------
     0 | D:1      | qw the Gargoyle Hunter began the quest for the Orb.
     0 | D:1      | Reached XP level 1. HP: 12/12 MP: 1/1
     0 | D:1      | 0 ||| qw: Version: 0.2-a-29-g511e9b1
     0 | D:1      | 0 ||| qw: Game counter: 5355
     0 | D:1      | 0 ||| qw: Always use a shield: true
     0 | D:1      | 0 ||| qw: God list: Okawaru
     0 | D:1      | 0 ||| qw: Allow faded altars: false
     0 | D:1      | 0 ||| qw: Do Orc after D:15 true
     0 | D:1      | 0 ||| qw: Do second Lair branch before Depths: true
     0 | D:1      | 0 ||| qw: Lair rune preference: random
     0 | D:1      | 0 ||| qw: Plans: Normal, Zot:1-4, Slime:5, God:TSO, Crypt,
                  | Tomb, Abyss, Pan, Hells, Win
     0 | D:1      | 0 ||| PLANNING D:1-11
    62 | D:1      | Reached XP level 2. HP: 17/17 MP: 2/2
   583 | D:1      | Found a faded altar of an unknown god.
   848 | D:1      | 848 ||| READING scroll labelled VEUCEOLAEG.
   849 | D:1      | 849 ||| READING scroll labelled KAMA ZYUREMANO.
   850 | D:1      | 850 ||| READING scroll labelled YKHEPS ICAIGG.
   850 | D:1      | Identified a scroll of acquirement
   850 | D:1      | 850 ||| ACQUIRING +2 helmet of the Catfish {rC+ rN+}
   850 | D:1      | Acquired the +2 helmet of the Catfish {rC+ rN+}
   852 | D:1      | 852 ||| UPGRADING to +2 helmet of the Catfish {rC+ rN+}.
   857 | D:1      | 857 ||| DRINKING 3 sedimented dark potions.
   858 | D:1      | 858 ||| DROPPING scroll of butterflies.
   960 | D:2      | Reached skill level 5 in Ranged Weapons
   960 | D:2      | Reached XP level 3. HP: 21/21 MP: 3/3
  1174 | D:2      | Reached skill level 3 in Fighting
  1180 | D:2      | Reached XP level 4. HP: 28/28 MP: 4/4
  1300 | D:2      | You fall into a shaft and drop 1 floor!
  1322 | D:3      | 1322 ||| UPGRADING to +0 pair of gloves.
  1327 | D:3      | 1327 ||| UPGRADING to +0 ring mail.
  1337 | D:3      | 1337 ||| DROPPING +0 leather armour.
  1338 | D:3      | 1338 ||| UPGRADING to +0 cloak.
  1343 | D:3      | 1343 ||| READING scroll labelled JEGURA MUNG.
  1344 | D:3      | 1344 ||| READING scroll labelled NEKYGG ZOGIN.
  1471 | D:2      | Found Bucuebi's Distillery.
  1482 | D:2      | 1482 ||| SHOPLISTING 2 potions of heal wounds (100 gold,
                  | have 77).
  1482 | D:2      | 1482 ||| SHOPLISTING potion of cancellation (80 gold, have
                  | 77).
  1482 | D:2      | 1482 ||| BUYING potion of curing (30 gold).
  1482 | D:2      | Bought a potion of curing for 30 gold pieces
  1482 | D:2      | 1482 ||| SHOPLISTING potion of heal wounds (50 gold, have
                  | 47).
  1482 | D:2      | 1482 ||| SHOPLISTING potion of magic (80 gold, have 47).
  1482 | D:2      | 1482 ||| BUYING potion of might (40 gold).
  1482 | D:2      | Bought a potion of might for 40 gold pieces
  1496 | D:2      | Reached skill level 1 in Armour
  1879 | D:2      | 1879 ||| READING scroll labelled BEPTEDDE YHYMA.
  1883 | D:2      | 1883 ||| DRINKING 2 lumpy emerald potions.
  1884 | D:2      | 1884 ||| DROPPING potion of enlightenment.
  1998 | D:3      | 1998 ||| Stepping ~*~*~tactically~*~*~ (outnumbered).
  2000 | D:3      | 2000 ||| Stepping ~*~*~tactically~*~*~ (outnumbered).
  2002 | D:3      | 2002 ||| Stepping ~*~*~tactically~*~*~ (outnumbered).
  2122 | D:3      | 2122 ||| DRINKING 2 potions of curing.
  2122 | D:3      | 2122 ||| (to cure confusion)
  2135 | D:3      | Reached XP level 5. HP: 32/32 MP: 5/5
  2391 | D:3      | Reached skill level 6 in Ranged Weapons
  2449 | D:3      | 2449 ||| Stepping ~*~*~tactically~*~*~ (outnumbered).
  2457 | D:3      | 2457 ||| Stepping ~*~*~tactically~*~*~ (outnumbered).
  2484 | D:3      | Noticed a kobold brigand
  2499 | D:3      | Killed a kobold brigand
  2500 | D:3      | Reached skill level 3 in Armour
  2500 | D:3      | Reached XP level 6. HP: 25/37 MP: 6/6
  3018 | D:3      | 3018 ||| READING scroll labelled BIDUTW TERGH.
  3019 | D:3      | 3019 ||| READING scroll labelled MOELOA ERYNI.
  3072 | D:4      | Found a staircase to the Ecumenical Temple.
  3073 | D:4      | 3073 ||| PLANNING TEMPLE
  3085 | D:4      | Mangled by an ogre

Levels and vault maps discovered:
D:1:      dpeg_arrival_rooms_b, layout_basic, basic_ecumenical_altar
D:2:      layout_loops_corners, serial_shops,
          nicolae_shop_competitors_out_of_business, minmay_octomino_e4
D:3:      minmay_goblin_kobold_castle, layout_loops_ring
D:4:      layout_basic, minmay_temple_entry_trees

Skill      XL: |  1  2  3  4  5  6 |
---------------+-------------------+-----
Ranged Weapons | 5 6 |  6.0
Fighting       | 3 4 |  4.0
Armour         | 1 3 |  3.2
Dodging        | |  1.5
Stealth        | |  1.1

Action                     |  1- 3 |  4- 6 || total
---------------------------+-------+-------++-------
   Fire: Shortbow          |    82 |   274 ||   356
    Use: Scroll            |     3 |     5 ||     8
         Potion            |     1 |     2 ||     3
 Armour: Leather armour    |    11 |     3 ||    14
         Ring mail         |       |    96 ||    96
  Dodge: Dodged            |    27 |   123 ||   150

Table legend:
 A = Non-vault XP
 B = Vault XP
 C = Vault XP percentage of total XP
 D = Non-vault monster count
 E = Vault monster count
 F = Vault count percentage of total count
                 A         B        C        D         E       F
            +---------+---------+-------+---------+---------+-------
      Total |     214 |     252 |  54.1 |      66 |      41 |  38.3
            +---------+---------+-------+---------+---------+-------
        D:1 |      26 |       0 |   0.0 |      15 |       0 |   0.0
        D:2 |     101 |       7 |   6.5 |      27 |       3 |  10.0
        D:3 |      83 |     245 |  74.7 |      22 |      38 |  63.3
        D:4 |       4 |       0 |   0.0 |       2 |       0 |   0.0
            +---------+---------+-------+---------+---------+-------
